 Dungeon Crawl Stone Soup version 0.24.0-29-g8ce449bc06 (webtiles) character file.

Game seed: 5323511861344217998, levelgen mode: deterministic

1430 theswoord the Carver (level 8, 0/64 HPs)
             Began as a Minotaur Fighter on Nov 16, 2019.
             Was an Initiate of Wu Jian.
             Shot with an arrow by a centaur (5 damage)
             ... on level 6 of the Dungeon.
             The game lasted 00:08:21 (3669 turns).

theswoord the Carver (Minotaur Fighter)             Turns: 3669, Time: 00:08:22

Health: 0/64       AC:  6    Str: 21    XL:     8   Next: 44%
Magic:  7/7        EV: 13    Int:  5    God:    Wu Jian [......]
Gold:   238        SH: 11    Dex: 17    Spells: 7/7 levels left

rFire    . . .     SeeInvis .   a - +1 long sword
rCold    . . .     Gourm    .   c - +0 shield
rNeg     . . .     Faith    .   b - +0 scale mail
rPois    .         Spirit   .   (helmet restricted)
rElec    .         Reflect  .   (no cloak)
rCorr    +         Harm     .   (no gloves)
MR       .....                  (no boots)
Stlth    +.........             x - amulet of regeneration
HPRegen  0.60/turn              j - ring of resist corrosion
MPRegen  0.10/turn              (no ring)

@: agile, about to teleport, lightly drained
A: retaliatory headbutt, horns 2
a: Renounce Religion


You were on level 6 of the Dungeon.
You worshipped Wu Jian.
Wu Jian was noncommittal.
You were not hungry.

You visited 2 branches of the dungeon, and saw 7 of its levels.

You collected 238 gold pieces.

Inventory:

Hand Weapons
 a - a +1 long sword (weapon)
Armour
 b - a +0 scale mail (worn)
 c - a +0 shield (worn)
 o - a -1 chain mail
Jewellery
 j - a ring of resist corrosion (left hand)
 m - an uncursed amulet of rage
 s - an uncursed amulet of magic regeneration
 x - an amulet of regeneration (around neck)
Wands
 t - a wand of acid (10)
Scrolls
 e - 4 scrolls of amnesia
 h - 4 scrolls of identify
 k - a scroll of immolation
 p - 5 scrolls of magic mapping
 u - 2 scrolls of remove curse
Potions
 d - 2 potions of might
 l - 2 potions of curing {unknown}
 q - a potion of experience {unknown}
 r - a potion of resistance {unknown}
 w - 3 potions of mutation {unknown}
 z - a potion of lignification {unknown}
Comestibles
 f - 8 rations


   Skills:
 - Level 3.6(3.3) Fighting
 * Level 10.4(10.1) Long Blades
 - Level 3.6(3.3) Armour
 + Level 8.1(7.7) Shields


You had 7 spell levels left.
You didn't know any spells.
Your spell library was empty.

Dungeon Overview and Level Annotations

Branches:
Dungeon (6/15)             Temple (1/1) D:6

Altars:
Cheibriados
Elyvilon
Kikubaaqudgha
Makhleb
Okawaru
Ru
Sif Muna
Trog
Vehumet
Wu Jian
Yredelemnul
The Shining One

Shops:
D:4 [

Annotations:
D:6 Prince Ribbit, Sigmund


Innate Abilities, Weirdness & Mutations

You reflexively headbutt those who attack you in melee.
You have a pair of horns on your head.


Message History

* * * LOW HITPOINT WARNING * * *
You feel drained.
* * * LOW HITPOINT WARNING * * *
Your surroundings suddenly seem different.
An orc comes into view.
The orc shouts!
An orc comes into view. It is wielding a +0 whip.
The orc shouts!
A centaur comes into view.
The centaur shouts!
An orc comes into view. It is wielding a +0 dagger.
A leopard gecko skeleton comes into view.
You hear a shout!
Found 23 bolts.
As you read the scroll of teleportation, it crumbles to dust.
You feel strangely unstable.
A centaur comes into view.
The centaur wields a +0 shortbow.
The centaur shoots an arrow.
The arrow hits you.
You die... ##### ....# .###o.. oo.....

.#
#...###...#
#.c.@.....#
#.####c...#
...# ....
Z.# .# .


You could see 2 centaurs, 3 orcs and a leopard gecko skeleton.

Vanquished Creatures
  A steam dragon (D:5)
  Edmund (D:4)
  Duvessa (D:4)
  A sky beast (D:5)
  2 ogres (D:4)
  A centaur (D:5)
  A bullfrog (D:6)
  Dowan (D:4)
  3 scorpions
  A howler monkey (D:5)
  2 crimson imps
  A hound (D:5)
  2 orc priests
  An iguana (D:4)
  4 worker ants
  A howler monkey zombie (D:5)
  9 adders
  A shadow imp (D:6)
  2 worms
  2 leopard geckos
  14 orcs
  5 ball pythons
  4 giant cockroaches
  5 hobgoblins
  10 jackals
  6 quokkas
  7 bats
  3 frilled lizards
  5 goblins
  A jackal skeleton (D:6)
  7 kobolds (D:1)
  6 rats
111 creatures vanquished.

Notes
Turn   | Place    | Note
-------+----------+-------------------------------------------
     0 | D:1      | theswoord the Minotaur Fighter began the quest for the Orb.
     0 | D:1      | Reached XP level 1. HP: 19/19 MP: 0/0
   135 | D:1      | Reached skill level 3 in Long Blades
   189 | D:1      | Reached XP level 2. HP: 26/26 MP: 1/1
   612 | D:2      | Reached XP level 3. HP: 27/31 MP: 2/2
   620 | D:2      | Reached skill level 4 in Long Blades
   693 | D:2      | Found a sacrificial altar of Ru.
   769 | D:2      | Found a faded altar of an unknown god.
   888 | D:2      | Found a sacrificial altar of Ru.
  1182 | D:3      | Reached XP level 4. HP: 39/39 MP: 3/3
  1416 | D:3      | Reached skill level 5 in Long Blades
  1890 | D:3      | Reached XP level 5. HP: 34/45 MP: 4/4
  1940 | D:4      | Noticed an ogre
  1950 | D:4      | Killed an ogre
  1950 | D:4      | Reached skill level 6 in Long Blades
  1950 | D:4      | Reached skill level 5 in Shields
  1982 | D:4      | Reached XP level 6. HP: 50/51 MP: 5/5
  2014 | D:4      | Noticed Duvessa
  2014 | D:4      | Noticed Dowan
  2022 | D:4      | Killed Duvessa
  2022 | D:4      | Reached skill level 7 in Long Blades
  2025 | D:4      | Killed Dowan
  2145 | D:4      | Reached XP level 7. HP: 40/57 MP: 6/6
  2224 | D:4      | Noticed Edmund
  2243 | D:4      | Killed Edmund
  2243 | D:4      | Reached skill level 8 in Long Blades
  2394 | D:4      | Found Bedoacw's Armour Shoppe.
  2500 | D:5      | Entered Level 5 of the Dungeon
  2541 | D:5      | Noticed a steam dragon
  2562 | D:5      | Reached skill level 9 in Long Blades
  2564 | D:5      | Killed a steam dragon
  2564 | D:5      | Reached XP level 8. HP: 25/64 MP: 7/7
  3000 | D:5      | Reached skill level 10 in Long Blades
  3309 | D:6      | Found a staircase to the Ecumenical Temple.
  3375 | Temple   | Entered the Ecumenical Temple
  3493 | Temple   | Became a worshipper of the Wu Jian Council
  3575 | D:6      | Noticed Prince Ribbit
  3644 | D:6      | Noticed Sigmund
  3669 | D:6      | Shot with an arrow by a centaur

Skill      XL: |  1  2  3  4  5  6  7  8 |
---------------+-------------------------+-----
Long Blades    | 3 4 5 6 7 9 10 | 10.4
Shields        | 4 5 6 7 8 |  8.1
Fighting       | |  3.6
Armour         | |  3.6

Action                   |  1- 3 |  4- 6 |  7- 9 || total
-------------------------+-------+-------+-------++-------
Melee: Long sword        |    97 |   112 |   141 ||   350
       Headbutt          |    12 |    14 |    24 ||    50
Invok: Lunge             |       |       |     2 ||     2
  Use: Scroll            |     4 |     4 |     2 ||    10
       Potion            |       |       |     4 ||     4
  Eat: Chunk             |     1 |     3 |     3 ||     7
       Ration            |       |       |     1 ||     1
Armor: Scale mail        |    39 |    14 |    43 ||    96
       Chain mail        |    37 |    30 |       ||    67
Dodge: Dodged            |    48 |    25 |    54 ||   127
Block: Shield            |    66 |    54 |    56 ||   176
       Rpst.: Long sword |    18 |     4 |    12 ||    34

Levels and vault maps discovered:
D:1:      mrwooster_arrival_arrow, layout_basic, chequers_serial_rivers_large_b
D:2:      layout_rooms, lemuel_round_altar,
          chequers_ecumenical_altar_simple_redux,
          nicolae_ru_the_path_less_chosen
D:3:      layout_basic, first_ration
D:4:      layout_cave_pools, serial_shops, nicolae_shop_trees, uniq_edmund,
          uniq_duvessa
D:5:      layout_loops_ring
D:6:      layout_loops_ring, minmay_temple_entry_trees, lemuel_tele_altar,
          uniq_crazy_yiuf_cottage, uniq_eustachio, uniq_sigmund,
          uniq_prince_ribbit1
Temple:   regret_index_temple_generic_petals
